 Dungeon Crawl Stone Soup version 0.29.1 (webtiles) character file.

Game seed: 11251658582893492356

102 qw the Chopper (level 4, -2/28 HPs)
             Began as a Gargoyle Fighter on Sept 13, 2022.
             Slain by an iguana (4 damage)
             ... on level 4 of the Dungeon.
             The game lasted 00:01:06 (3216 turns).

qw the Chopper (Gargoyle Fighter)                   Turns: 3216, Time: 00:01:06

Health: -2/28      AC: 11    Str: 22    XL:     4   Next: 77%
Magic:  4/4        EV:  9    Int:  8    God:
Gold:   142        SH:  4    Dex:  9    Spells: 3/3 levels left

rFire   . . .      SeeInvis .   Y - +0 war axe
rCold   . . .      Faith    .   c - +0 buckler
rNeg    + . .      Spirit   .   b - +0 scale mail
rPois   inf        Reflect  .   (no helmet)
rElec   +          Harm     .   f - +0 cloak
rCorr   .          Rampage  .   (no gloves)
Will    .....                   (no boots)
Stlth   ..........              a - amulet of regeneration
HPRegen 0.89/turn               (no ring)
MPRegen 0.09/turn               (no ring)

@: about to teleport
A: sickness immunity, AC +3, negative energy resistance 1, electricity
resistance, torment resistance 1, petrification resistance
a: no special abilities


You were on level 4 of the Dungeon.
You visited 1 branch of the dungeon, and saw 4 of its levels.

You collected 142 gold pieces.


Innate Abilities, Weirdness & Mutations

You are immune to sickness and miasma.
Your stone body is resilient. (AC +3)
You are immune to poison.
You resist negative energy. (rN+)
You are resistant to electric shocks. (rElec)
You are resistant to unholy torment.
You are immune to petrification.


   Skills:
 - Level 3.2 Fighting
 + Level 4.3 Axes
 - Level 3.2 Armour
 - Level 3.2 Shields


You had 3 spell levels left.
You didn't know any spells.
Your spell library was empty.

Inventory:

Hand Weapons
 j - a +0 flail
 Y - a +0 war axe (weapon)
Armour
 b - a +0 scale mail (worn)
 c - a +0 buckler (worn)
 f - a +0 cloak (worn)
Jewellery
 a - an amulet of regeneration (around neck)
Scrolls
 g - a scroll of identify
Potions
 d - 2 potions of might
 k - a potion of mutation {unknown}
 l - a potion of magic {unknown}

Dungeon Overview and Level Annotations

Branches:
Dungeon (4/15)
 Temple: D:4-7

Altars:
Ashenzari
Uskayaw

Shops:
D:1 [


Message History

You climb upwards.
There is a stone staircase leading down here.
You closely miss the adder. The adder bites you but does no damage.
You block the adder's attack.
You closely miss the adder. The adder bites you but does no damage.
You hit the adder.
The adder is heavily wounded.
The adder barely misses you. The adder closely misses you.
You barely miss the adder.
The adder is heavily wounded.
The adder bites you but does no damage. x2
You barely miss the adder.
The adder is heavily wounded.
The adder bites you but does no damage. The adder bites you.
You slash the adder!
You kill the adder!
Partly explored, can't reach some places.
(D) Dungeon
Where to? (* - list waypoints, Enter - D:4, ? - help)
What level of the Dungeon? (default 1, ? - help)
You climb downwards.
The iguana bites you!
There is a stone staircase leading up here.
You slash the iguana!
The iguana is heavily wounded.
The iguana bites you!
You barely miss the iguana.
The iguana is heavily wounded.
You block the iguana's attack. The iguana bites you!
3214 ||| READING scroll of teleportation.
As you read the scroll of teleportation, it crumbles to dust.
You feel strangely unstable.
The iguana bites you but does no damage.
You closely miss the iguana.
The iguana is heavily wounded.
The iguana bites you.
You barely miss the iguana.
The iguana is heavily wounded.
The iguana bites you.
You die...

# #.#### ##
.#..... .#
....... )#
.......#.#
......l@.#
.............#
........####.#
........#
+#+####.# #.#
#.. ###


You could see an iguana.

Vanquished Creatures
  3 adders (D:3)
  2 worms (D:2)
  A dart slug (D:2)
  4 orcs (D:3)
  4 ball pythons
  6 endoplasms
  2 giant cockroaches (D:1)
  10 goblins
  7 hobgoblins
  2 quokkas
  6 bats
  A frilled lizard (D:1)
  4 kobolds
  6 rats
58 creatures vanquished.

Vanquished Creatures (others)
  2 fungi (D:1)
  A plant (D:1)
3 creatures vanquished.

Grand Total: 61 creatures vanquished

Notes
Turn   | Place    | Note
-------+----------+-------------------------------------------
     0 | D:1      | qw the Gargoyle Fighter began the quest for the Orb.
     0 | D:1      | Reached XP level 1. HP: 14/14 MP: 1/1
     0 | D:1      | 0 ||| qw: Version: 0.1-a-119-g272c26d
     0 | D:1      | 0 ||| qw: Game counter: 11194
     0 | D:1      | 0 ||| qw: Always use a shield: true
     0 | D:1      | 0 ||| qw: God list: Okawaru
     0 | D:1      | 0 ||| qw: Allow faded altars: false
     0 | D:1      | 0 ||| qw: Do Orc after D:15 true
     0 | D:1      | 0 ||| qw: Do second Lair branch before Depths: true
     0 | D:1      | 0 ||| qw: Lair rune preference: random
     0 | D:1      | 0 ||| qw: Plans: Normal, Zot, God:TSO, Crypt, Tomb, Pan,
                  | Slime, Hells, Zig, Abyss, Orb
     0 | D:1      | 0 ||| PLANNING D:1-11
    48 | D:1      | Found Ygroryas's Antique Armour Shoppe.
    57 | D:1      | 57 ||| SHOPLISTING cloak (103 gold, have 0).
    57 | D:1      | 57 ||| SHOPLISTING pair of boots (103 gold, have 0).
    57 | D:1      | 57 ||| SHOPLISTING pair of embroidered gloves (172 gold,
                  | have 0).
    57 | D:1      | 57 ||| SHOPLISTING pair of glowing boots (172 gold, have
                  | 0).
    57 | D:1      | 57 ||| SHOPLISTING shiny chain mail (172 gold, have 0).
   106 | D:1      | Reached skill level 2 in Axes
   189 | D:1      | 189 ||| Stepping ~*~*~tactically~*~*~ (stealth).
   747 | D:1      | Reached XP level 2. HP: 18/19 MP: 2/2
  1049 | D:1      | Found a faded altar of an unknown god.
  1096 | D:1      | Reached skill level 3 in Axes
  1503 | D:1      | Reached XP level 3. HP: 23/23 MP: 3/3
  1509 | D:1      | 1509 ||| READING scroll labelled ONAMAE QUCW.
  1509 | D:1      | Identified a scroll of acquirement
  1509 | D:1      | 1509 ||| ACQUIRING amulet of regeneration
  1509 | D:1      | Acquired an amulet of regeneration
  1511 | D:1      | 1511 ||| UPGRADING to amulet of regeneration.
  1516 | D:1      | 1516 ||| READING scroll labelled QUACAM XEMOGEFIRGH.
  1517 | D:1      | 1517 ||| READING scroll labelled IRUGOGG IDUKHLENU.
  1572 | D:2      | 1572 ||| Stepping ~*~*~tactically~*~*~ (stealth).
  1842 | D:2      | 1842 ||| Stepping ~*~*~tactically~*~*~ (stealth).
  1843 | D:2      | 1843 ||| Stepping ~*~*~tactically~*~*~ (stealth).
  2139 | D:2      | 2139 ||| UPGRADING to +0 cloak.
  2144 | D:2      | 2144 ||| READING 2 scrolls labelled DANNEGH XUMMEMN.
  2145 | D:2      | 2145 ||| READING scroll labelled TEREQU GYUD.
  2149 | D:2      | 2149 ||| READING scroll labelled GEF LOUDUAPEUGG.
  2150 | D:2      | 2150 ||| DROPPING scroll of noise.
  2204 | D:3      | 2204 ||| READING scroll labelled YNLACW JECZYAQ.
  2229 | D:3      | 2229 ||| Stepping randomly (stuck).
  2230 | D:3      | 2230 ||| Stepping randomly (stuck).
  2231 | D:3      | 2231 ||| Stepping randomly (stuck).
  2304 | D:3      | 2304 ||| DROPPING +0 club.
  2316 | D:3      | Reached XP level 4. HP: 28/28 MP: 4/4
  2353 | D:3      | Reached skill level 4 in Axes
  2497 | D:3      | Found a broken altar of Ashenzari.
  2650 | D:3      | 2650 ||| Stepping ~*~*~tactically~*~*~ (stealth).
  2679 | D:3      | Found a hide-covered altar of Uskayaw.
  3164 | D:3      | 3164 ||| READING scroll labelled XUAXKO SEMERO.
  3165 | D:3      | 3165 ||| READING scroll labelled QIENIOHUPS.
  3166 | D:3      | 3166 ||| READING 2 scrolls of identify.
  3166 | D:3      | 3166 ||| IDENTIFYING puce potion
  3167 | D:3      | 3167 ||| DROPPING potion of invisibility.
  3202 | D:4      | 3202 ||| STAIRDANCE
  3213 | D:4      | HP: 3/28 [iguana (7)]
  3214 | D:4      | 3214 ||| READING scroll of teleportation.
  3215 | D:4      | HP: 1/28 [iguana (4)]
  3216 | D:4      | Slain by an iguana

Levels and vault maps discovered:
D:1:      dpeg_arrival_radiant, layout_basic, serial_shops, nicolae_shop_stone,
          shapermc_ecumenical_altar_mp_urbaneastern
D:2:      layout_loops_cross
D:3:      layout_basic, mainiacjoe_overflow_brackets,
          mainiacjoe_overflow_chevrons, serial_rivers,
          chequers_serial_rivers_small_3, chequers_serial_rivers_small_3,
          chequers_serial_rivers_micro_d, chequers_serial_rivers_room_b,
          chequers_serial_rivers_large_b
D:4:      cheibrodos_greedy_goblins, layout_basic, zin_purify

Skill      XL: |  1  2  3  4 |
---------------+-------------+-----
Axes           | 2 3 4 |  4.3
Fighting       | |  3.2
Armour         | |  3.2
Shields        | |  3.2

Action                   |  1- 3 |  4- 6 || total
-------------------------+-------+-------++-------
Melee: War axe           |   146 |    45 ||   191
  Use: Scroll            |     7 |     4 ||    11
Armor: Scale mail        |    75 |    23 ||    98
Dodge: Dodged            |    59 |    12 ||    71
Block: Buckler           |    28 |     7 ||    35

Table legend:
 A = Non-vault XP
 B = Vault XP
 C = Vault XP percentage of total XP
 D = Non-vault monster count
 E = Vault monster count
 F = Vault count percentage of total count
                 A         B        C        D         E       F
            +---------+---------+-------+---------+---------+-------
      Total |     146 |       0 |   0.0 |      58 |       0 |   0.0
            +---------+---------+-------+---------+---------+-------
        D:1 |      35 |       0 |   0.0 |      22 |       0 |   0.0
        D:2 |      36 |       0 |   0.0 |      15 |       0 |   0.0
        D:3 |      75 |       0 |   0.0 |      21 |       0 |   0.0
            +---------+---------+-------+---------+---------+-------
